 Dungeon Crawl Stone Soup version 0.21-a0-88-g13b9641 (webtiles) character file.

315 4thArraOfDagon the Sneak (level 6, -6/24 HPs)
             Began as a Felid Ice Elementalist on June 27, 2017.
             Was an Initiate of Cheibriados.
             Hit by a tomahawk thrown by an orc warrior (12 damage)
             ... on level 6 of the Dungeon.
             The game lasted 00:08:14 (1748 turns).

4thArraOfDagon the Sneak (Felid Ice Elementalist)   Turns: 1748, Time: 00:08:14

Health: -6/24      AC:  2    Str:  5    XL:     6   Next: 20%
Magic:  19/19      EV: 26    Int: 19    God:    Cheibriados [......]
Gold:   168        SH:  0    Dex: 23    Spells: 5/9 levels left
                                        Lives:  0   Deaths: 1

rFire    + . .     SeeInvis +     - Unarmed
rCold    . . .     Gourm    .   (shield unavailable)
rNeg     + . .     Faith    +   (armour unavailable)
rPois    .         Spirit   .   (helmet unavailable)
rElec    .         Reflect  .   (cloak unavailable)
rCorr    .         Harm     .   (gloves unavailable)
MR       +....                  (boots unavailable)
Stlth    +++++.....             h - amulet "Jum Nunism" {Faith rF+ MR+}
HPRegen  0.08/turn              g - ring of magical power
MPRegen  0.16/turn              n - ring of positive energy

@: agile, slow
A: no armour, no weapons or thrown items, stealth, claws 1, fangs 3, see
invisible, carnivore 3, speed 1, shaggy fur 2, slow metabolism 1, sharp paws
a: Bend Time, Renounce Religion


You were on level 6 of the Dungeon.
You worshipped Cheibriados.
Cheibriados was noncommittal.
You were very full.

You visited 2 branches of the dungeon, and saw 9 of its levels.

You collected 168 gold pieces.

Inventory:

Jewellery
 g - a ring of magical power (left paw)
 h - the amulet "Jum Nunism" (around neck) {Faith rF+ MR+}
   (You acquired it on level 7 of the Dungeon)

   [amulet of faith]

   It allows you to gain divine favour quickly.
   It protects you from fire.
   It affects your resistance to hostile enchantments.
 n - a ring of positive energy (right paw)
Wands
 e - a wand of disintegration (0/24)
 q - a wand of flame (20/48)
Scrolls
 c - 3 scrolls of remove curse
 j - a scroll of identify
 l - a scroll of blinking {unknown}
 m - a scroll of enchant armour {unknown}
 o - a scroll of holy word {unknown}
Potions
 d - a potion of haste
 i - a potion of might
Books
 a - a book of Frost

   Spells                             Type                      Level
   a - Freeze                         Ice                          1
   b - Throw Frost                    Conjuration/Ice              2
   c - Ozocubu's Armour               Charms/Ice                   3
   d - Throw Icicle                   Conjuration/Ice              4
   e - Summon Ice Beast               Ice/Summoning                4
 p - a book of Callings

   Spells                             Type                      Level
   a - Summon Small Mammal            Summoning                    1
   b - Call Imp                       Summoning                    2
   c - Call Canine Familiar           Summoning                    3
   d - Summon Guardian Golem          Hexes/Summoning              3
   e - Summon Lightning Spire         Summoning/Air                4
   f - Summon Ice Beast               Ice/Summoning                4
Comestibles
 b - 2 meat rations
 f - 2 royal jellies


   Skills:
 + Level 0.0 Fighting
 - Level 5.0 Dodging
 - Level 5.4 Stealth
 * Level 2.8 Unarmed Combat
 - Level 2.0 Spellcasting
   Level 0.8 Conjurations
 - Level 4.3 Ice Magic


You had 5 spell levels left.
You knew the following spells:

 Your Spells              Type           Power        Failure   Level  Hunger
a - Freeze                Ice            ###.         2%          1    #......
b - Ozocubu's Armour      Chrm/Ice       ##......     21%         3    ###....


Dungeon Overview and Level Annotations

Branches:
Dungeon (8/15)             Temple (1/1) D:6
   Lair: D:8-11

Altars:
Ashenzari
Cheibriados
Dithmenos
Elyvilon
Fedhas
Gozag
Kikubaaqudgha
Makhleb
Okawaru
Trog
Uskayaw
Vehumet
Yredelemnul
Zin
The Shining One

Shops:
D:6 (

Annotations:
D:4 Dowan, Duvessa


Innate Abilities, Weirdness & Mutations

You cannot wear armour.
You are incapable of wielding weapons or throwing items.
Your paws allow you to move quietly. (Stealth)
You have sharp claws.
You have razor-sharp teeth.
You have supernaturally acute eyesight. (SInv)
You are carnivorous and can eat meat at any time.
You cover ground quickly.
You are covered in thick fur. (AC +2)
You have a slow metabolism.
Your sharp claws are effective at attacking unaware monsters.


Message History

Evoke which item? (* to show all) (? for menu, Esc to quit)
Aiming: Disintegrate
Press: ? - help, Shift-Dir - straight line, f/p - orc warrior
Aim: an orc warrior, wielding a war axe and wearing a chain mail (heavily wounded, chance to defeat MR: 65%)
The orc warrior struggles to resist.
This wand has 0 charges left.
The orc warrior throws a tomahawk.
The tomahawk completely misses you.
Unknown command.
Unknown command.
As you read the scroll of identify, it crumbles to dust.
q - a wand of flame (21/48) Evoke which item? (* to show all) (? for menu, Esc to quit)
Aiming: Throw Flame
Press: ? - help, Shift-Dir - straight line, f/p - orc warrior
Aim: an orc warrior, wielding a war axe and wearing a chain mail (heavily wounded)
The puff of flame hits the orc warrior.
The orc warrior appears unharmed.
The orc warrior is heavily wounded.
This wand has 20 charges left.
The orc warrior throws a tomahawk.
The tomahawk hits you!
Ouch! That really hurt!
You die...

## ###.. ### ...
#...#######.#
#......o(oo.##.###
#...##.###o.......
##.# #.# #.o##.#.#
#.# #@# #.(.. #.#
#.# #.###.# #.#
#.# #.. # #.# #.#
### #.# #.#
##########.###.#
#..............#
#.########.#####
#.########.#


You could see an orc warrior.

Vanquished Creatures
  Menkaure (D:4)
  A centaur (D:6)
  Blork the orc (D:4)
  A howler monkey (D:6)
  A hound (D:6)
  A worker ant (D:4)
  3 adders
  An adder skeleton (D:3)
  4 bats
  4 giant cockroaches
  A hobgoblin (D:3)
  A quokka (D:4)
  A frilled lizard (D:2)
  A kobold (D:3)
  A rat (D:1)
23 creatures vanquished.

Vanquished Creatures (others)
  2 fungi (D:7)
2 creatures vanquished.

Grand Total: 25 creatures vanquished

Notes
Turn   | Place    | Note
-------+----------+-------------------------------------------
     0 | D:1      | 4thArraOfDagon the Felid Ice Elementalist began the quest for the Orb.
     0 | D:1      | Reached XP level 1. HP: 7/7 MP: 4/4
   165 | D:2      | Found a blossoming altar of Fedhas.
   368 | D:5      | Entered Level 5 of the Dungeon
   408 | D:6      | Noticed a jelly
   471 | D:6      | Found Recricuxt's Weapon Boutique.
   491 | D:6      | Found a glowing silver altar of Zin.
   581 | D:7      | Noticed a hippogriff
   632 | D:7      | Found a glowing golden altar of the Shining One.
   649 | D:7      | Reached XP level 2. HP: 10/11 MP: 6/6
   670 | D:7      | Identified a scroll of acquirement
   671 | D:7      | Got a sparkling platinum amulet
   672 | D:7      | Identified the amulet "Jum Nunism" {Faith rF+ MR+} (You acquired it on level 7 of the Dungeon)
   710 | D:6      | Reached XP level 3. HP: 6/14 MP: 7/7
   748 | D:4      | Noticed Menkaure
   750 | D:4      | Killed Menkaure
   750 | D:4      | Reached XP level 4. HP: 9/18 MP: 8/8
   750 | D:4      | Reached XP level 5. HP: 11/21 MP: 9/9
   785 | D:4      | Learned a level 3 spell: Ozocubu's Armour
   873 | D:4      | Noticed Dowan
   907 | D:4      | Noticed Blork the orc
   917 | D:4      | Killed from afar by Blork the orc
   918 | D:4      | Reached XP level 4. HP: -4/18 MP: 15/17
   952 | D:4      | Killed Blork the orc
   952 | D:4      | Reached skill level 1 in Unarmed Combat
   952 | D:4      | Reached XP level 5. HP: 10/21 MP: 9/9
  1024 | D:4      | Noticed Duvessa
  1129 | D:3      | Reached skill level 5 in Stealth
  1272 | D:6      | Noticed a centaur
  1276 | D:6      | Killed a centaur
  1281 | D:6      | Gained mutation: You are covered in thick fur. (AC +2) [Felid growth]
  1281 | D:6      | Reached XP level 6. HP: 13/24 MP: 10/10
  1459 | D:7      | Noticed a hungry ghost
  1464 | D:7      | Noticed a slime creature
  1500 | D:6      | Reached skill level 5 in Dodging
  1542 | D:6      | Found a staircase to the Ecumenical Temple.
  1547 | Temple   | Entered the Ecumenical Temple
  1614 | Temple   | Became a worshipper of Cheibriados the Contemplative
  1734 | D:6      | Noticed an orc warrior
  1748 | D:6      | Hit by a tomahawk thrown by an orc warrior

Vault maps used:
D:1:      wheals_arrival_linesprint, minmay_tromino_v4_a
D:2:      old_standard_altar, serial_glass, glass_columns_b, glass_columns_a,
          glass_columns_a, glass_columns_c, glass_columns_a, glass_columns_a,
          glass_columns_a, glass_columns_b, uniq_robin, uniq_terence
D:4:      uniq_blork_the_orc, uniq_duvessa, uniq_menkaure
D:5:      gup_sewer_entry_bubbles, first_bread
D:6:      lemuel_doored_altar, temple_doors_ab, serial_shops, shop
D:7:      lemuel_slime, nicolae_tso_carved_into_rock
D:8:      lemuel_round_altar, lemuel_blue_sif_altar
Temple:   minmay_crystal_spiral_temple

Skill      XL: |  1  2  3  4  5  6 |
---------------+-------------------+-----
Ice Magic      | 3 4 |  4.3
Dodging        | 3 4 5 |  5.0
Stealth        | 3 4 5 |  5.4
Unarmed Combat | 1 2 |  2.8
Spellcasting   | |  2.0
Conjurations   | |  0.8

Action                   |  1- 3 |  4- 6 || total
-------------------------+-------+-------++-------
Melee: Unarmed           |    12 |     4 ||    16
 Cast: Freeze            |    13 |    16 ||    29
Evoke: Wand              |     1 |    17 ||    18
  Use: Scroll            |     6 |     4 ||    10
       Potion            |     1 |     1 ||     2
 Stab: Sleeping          |     4 |     3 ||     7
  Eat: Chunk             |     6 |     6 ||    12
Armor: Skin              |     5 |       ||     5
Dodge: Dodged            |    51 |    20 ||    71
